 Dungeon Crawl Stone Soup version 0.26-a0-710-g95a0c6c400 (webtiles) character file.

Game seed: 4468086398150250231

221 P0NYSLAYSTATION the Slasher (level 5, 0/47 HPs)
             Began as a Hill Orc Monk on Oct 30, 2020.
             Slain by a centaur (4 damage)
             ... on level 5 of the Dungeon.
             The game lasted 00:06:35 (1503 turns).

P0NYSLAYSTATION the Slasher (Hill Orc Monk)         Turns: 1503, Time: 00:06:36

Health: 0/47       AC:  3    Str: 15    XL:     5   Next: 98%
Magic:  5/5        EV: 13    Int: 10    God:
Gold:   71         SH:  0    Dex: 13    Spells: 4/4 levels left

rFire    . . .     SeeInvis .   a - +0 falchion
rCold    . . .     Faith    .   (no shield)
rNeg     . . .     Spirit   .   b - +0 robe
rPois    .         Reflect  .   e - +0 helmet
rElec    .         Harm     .   (no cloak)
rCorr    .         Rampage  .   (no gloves)
MR       .....                  (no boots)
Stlth    ++........             (no amulet)
HPRegen  0.15/turn              (no ring)
MPRegen  0.09/turn              (no ring)

@: no status effects
A: no striking features
a: no special abilities


You were on level 5 of the Dungeon.
You visited 1 branch of the dungeon, and saw 6 of its levels.

You collected 71 gold pieces.

Inventory:

Hand Weapons
 a - a +0 falchion (weapon)
Armour
 b - a +0 robe (worn)
 c - a +0 chain mail
 e - a +0 helmet (worn)
Scrolls
 h - a scroll of teleportation {unknown}
 i - a scroll of identify {unknown}
Potions
 d - a potion of heal wounds {unknown}
 f - a potion of degeneration {unknown}
 g - a potion of might {unknown}


   Skills:
 + Level 4.6 Fighting
 * Level 5.2 Long Blades
 * Level 2.0 Armour
 + Level 3.0 Dodging
 + Level 2.1 Stealth


You had 4 spell levels left.
You didn't know any spells.
Your spell library was empty.

Dungeon Overview and Level Annotations

Branches:
Dungeon (6/15)
 Temple: D:4-7

Altars:
Dithmenos
Trog
Xom


Message History

The centaur is severely wounded.
The centaur hits you.
You barely miss the centaur.
The centaur is severely wounded.
The centaur hits you.
* * * LOW HITPOINT WARNING * * *
The centaur barely misses you.
You barely miss the centaur.
The centaur is severely wounded.
The centaur barely misses you.
You riposte.
You barely miss the centaur.
The centaur is severely wounded.
The centaur hits you!
* * * LOW HITPOINT WARNING * * *
You hit the centaur.
The centaur is severely wounded.
The centaur closely misses you.
You hit the centaur but do no damage.
The centaur is severely wounded.
The centaur hits you.
You die...

.. #.
#. #.
###>
##..#
#.c.#
#.@##
#.(.#
##..##
##..#
#..#
#..#
###
#..#
#.##
#..#
##.##
#>.#
####


You could see a centaur.

Vanquished Creatures
  A centaur (D:5)
  A hound (D:4)
  Jessica (D:3)
  4 adders
  A shadow imp (D:5)
  An ooze (D:3)
  A dart slug (D:2)
  A leopard gecko (D:3)
  8 bats
  4 giant cockroaches
  A goblin (D:1)
  A hobgoblin (D:1)
  3 jackals
  A quokka (D:2)
  A frilled lizard (D:2)
  5 kobolds
  3 rats
38 creatures vanquished.

Notes
Turn   | Place    | Note
-------+----------+-------------------------------------------
     0 | D:1      | P0NYSLAYSTATION the Hill Orc Monk began the quest for the
                  | Orb.
     0 | D:1      | Reached XP level 1. HP: 19/19 MP: 1/1
    34 | D:1      | Reached XP level 2. HP: 11/27 MP: 2/2
   407 | D:2      | Reached XP level 3. HP: 29/33 MP: 3/3
   484 | D:2      | Reached skill level 4 in Long Blades
   673 | D:3      | Reached skill level 1 in Armour
   719 | D:3      | Reached XP level 4. HP: 36/40 MP: 4/4
   823 | D:3      | Found a shimmering altar of Xom.
   829 | D:3      | Found a shimmering altar of Xom.
   830 | D:3      | Found a shimmering altar of Xom.
   850 | D:3      | Noticed Jessica
   879 | D:3      | Killed Jessica
   980 | D:3      | Found a shadowy altar of Dithmenos.
  1020 | D:3      | Noticed a moth of wrath
  1023 | D:3      | Found a bloodstained altar of Trog.
  1052 | D:4      | Reached XP level 5. HP: 35/47 MP: 5/5
  1058 | D:5      | Entered Level 5 of the Dungeon
  1190 | D:5      | Noticed a centaur
  1212 | D:5      | Killed a centaur
  1212 | D:5      | Reached skill level 5 in Long Blades
  1488 | D:5      | Noticed a centaur
  1503 | D:5      | Slain by a centaur

Illustrated notes

Levels and vault maps discovered:
D:1:      nzn_arrival_water_spiral, layout_basic, lemuel_flame_loot_1
D:2:      layout_basic, lemuel_coloured_pillars_altar
D:3:      layout_basic, kennysheep_ying_yang, xom_redecorated,
          makhleb_blood_cavern_becter, tgw_trog, old_standard_altar,
          minmay_strange_pillars, uniq_jessica
D:4:      layout_cave_pools, grunt_qazlal_clouds, uniq_natasha, uniq_ijyb
D:5:      layout_layer_cave, tgw_sif, hellmonk_ghost_happy_afterlife,
          wad_floor_pattern_untrapped, uniq_sigmund
D:6:      cheibrodos_steamvent, layout_rooms, old_standard_altar,
          minmay_temple_entry_from_below_a, serial_shops, nicolae_shop_trees,
          grunt_ministairs_15

Skill      XL: |  1  2  3  4  5 |
---------------+----------------+-----
Fighting       | 4 |  4.6
Long Blades    | 4 5 |  5.2
Armour         | 1 2 |  2.0
Stealth        | 2 |  2.1
Dodging        | 3 |  3.0

Action                   |  1- 3 |  4- 6 || total
-------------------------+-------+-------++-------
Melee: Falchion          |    58 |    73 ||   131
 Stab: Sleeping          |     1 |     4 ||     5
Armor: Robe              |    15 |    10 ||    25
Dodge: Dodged            |    54 |    56 ||   110
       Rpst.: Falchion   |    27 |    20 ||    47

Table legend: (Time is in decaauts)
 A = Elapsed time spent in this place.
 B = Non-inter-level travel time spent in this place.
 C = Inter-level travel time spent in this place.
 D = Time resting spent in this place.
 E = Time spent auto-exploring this place.
 F = Levels seen in this place.
 G = Mean time per level.
                   A        B        C        D        E       F      G
               +--------+--------+--------+--------+--------+-----+--------+
         Total |   1518 |   1473 |     45 |    220 |    765 |   6 |  253.0 |
       Dungeon |   1518 |   1473 |     45 |    220 |    765 |   6 |  253.0 |
               +--------+--------+--------+--------+--------+-----+--------+

Top non-repeatable levels by time:
     D:2: 478 daAuts
     D:5: 443 daAuts
     D:3: 308 daAuts
     D:1: 268 daAuts
     D:4: 16 daAuts
     D:6: 3 daAuts
